Map: Apotheosis LE

Players

Tenonee

  • Race: Terran Terran

Apoc - Winner!

  • Race: Zerg Zerg
  • League: Platinum

VOD

Have the link to the VOD?

Description

Time

  • Played on: July 16, 2016, 10:17 a.m.
  • Length: 8:07
Show
View Real Time Build Order
Export as new Build Order

Tenonee Terran 

Build Orders: Reaper Expand 

Get SALT Encoding   

  12  0:03  SCV  
  13  0:16  SCV  
  14  0:21  Supply Depot  
  14  0:28  SCV  
  15  0:43  SCV  
  15  0:44  Barracks  
  16  0:51  Refinery  
  16  0:55  SCV  
  17  1:08  SCV  
  18  1:13  Supply Depot  
  18  1:21  SCV  
  19  1:34  Orbital Command  
  19  1:39  Reaper  
  20  1:53  Command Center  
  20  2:00  SCV  
  21  2:12  Barracks Reactor  
  21  2:14  SCV  
  22  2:27  SCV  
  23  2:31  Barracks  
  23  2:37  Factory  
  23  2:39  SCV  
  24  2:49  Marine x2  
  24  2:51  SCV  
  27  3:03  SCV  
  28  3:17  Orbital Command  
  30  3:21  Barracks Tech Lab  
  30  3:23  Refinery  
  28  3:27  SCV  
  29  3:34  Command Center  
  29  3:37  Hellion x2  
  29  3:39  Barracks Reactor, SCV  
  34  3:43  SCV  
  35  3:51  SCV  
  35  3:55  SCV  
  37  3:56  Marine  
  37  4:02  Supply Depot  
  38  4:04  Supply Depot  
  38  4:06  Hellion x2  
  38  4:08  SCV  
  43  4:14  SCV  
  44  4:17  Marine  
  44  4:18  Marine  
  44  4:23  SCV  
  47  4:27  Stimpack  
  47  4:36  Hellion x2  
  46  4:40  SCV  
  46  4:41  SCV  
  46  4:42  Marine x3  
  51  4:50  Orbital Command  
  51  4:53  SCV x2  
  51  4:57  Starport  
  51  4:58  Engineering Bay  
  53  5:00  Marine  
  53  5:01  Engineering Bay, Refinery  
  53  5:05  Marine x2, SCV x2  
  53  5:06  Refinery  
  58  5:17  SCV  
  58  5:21  Supply Depot x2, SCV  
  60  5:29  SCV  
  61  5:43  SCV x2  
  61  5:45  Orbital Command  
  63  5:55  SCV x2  
  63  5:57  Liberator  
  57  6:02  Bunker  
  57  6:09  Factory Tech Lab  
  57  6:10  Barracks  
  57  6:11  Marine x3, Barracks x2  
  58  6:14  Medivac  
  58  6:18  SCV x2  
  68  6:29  Marine  
  68  6:30  SCV  
  69  6:36  Marine  
  69  6:39  Liberator, Orbital Command  
  70  6:41  Marine  
  70  6:43  Siege Tank  
  70  6:45  Medivac  
  70  6:46  Marine  
  77  6:54  Marine  
  77  6:59  Marine  
  82  7:02  Barracks Tech Lab, Barracks Reactor  
  82  7:03  Barracks Tech Lab  
  82  7:04  Marine  
  79  7:12  Marine  
  78  7:16  Siege Tank  
  78  7:17  Marine, Medivac  
  78  7:22  Marine  
  85  7:24  Marine x2  
  85  7:28  Armory  
  87  7:30  Marine  
  87  7:32  Supply Depot x2  
  87  7:33  Supply Depot  
  87  7:35  Marine  
  83  7:43  Marine  
  77  7:49  Marine  
Show
View Real Time Build Order
Export as new Build Order

Apoc Zerg - Winner!

Build Orders: Hatch First 

Get SALT Encoding   

  12  0:01  Drone  
  13  0:12  Drone  
  14  0:17  Overlord  
  14  0:36  Drone x3  
  17  0:56  Hatchery  
  16  1:02  Drone  
  17  1:13  Spawning Pool  
  17  1:16  Drone  
  17  1:20  Drone  
  17  1:22  Drone  
  19  1:35  Drone  
  20  1:41  Overlord  
  20  1:53  Extractor  
  19  2:01  Queen  
  21  2:11  Queen  
  23  2:20  Hatchery  
  22  2:28  Drone  
  22  2:29  Drone  
  24  2:30  Drone x3  
  27  2:45  Drone x2  
  27  2:47  Drone  
  30  3:03  Zergling x6  
  30  3:04  Zergling x2  
  34  3:06  Metabolic Boost  
  34  3:15  Drone x2  
  36  3:32  Drone  
  36  3:33  Drone x4  
  41  3:35  Extractor  
  41  3:36  Extractor  
  41  3:37  Queen  
  41  3:44  Drone  
  41  3:46  Overlord  
  41  3:48  Overlord  
  42  3:52  Overlord  
  42  4:11  Drone  
  42  4:12  Drone x2  
  45  4:26  Zergling x2  
  45  4:27  Zergling x16  
  52  4:41  Zergling x14  
  59  5:00  Hatchery  
  59  5:06  Drone x2  
  59  5:07  Drone x3  
  62  5:09  Overlord x3  
  63  5:41  Baneling Nest  
  62  5:47  Drone x3  
  62  5:48  Drone  
  66  5:53  Spore Crawler  
  65  6:08  Zergling x8  
  65  6:09  Zergling x12  
  73  6:40  Evolution Chamber  
  73  6:44  Evolution Chamber  
  71  6:50  Drone x2  
  71  6:52  Drone x3  
  76  6:54  Extractor  
  76  7:00  Zergling x30  
  76  7:01  Zergling x2  
  91  7:11  Baneling x3  
  91  7:12  Baneling x14  
Tags
 
Add a new tag
Caveats
  • Supply blocks, unpowered buildings, or Contaminate may cause inaccurate times.
  • Supply counts are checked every 10 seconds.